 Dungeon Crawl Stone Soup version 0.30.1-3-gfc49f6343a (webtiles) character file.

Game seed: 14150275808918039288

355 billz999 the Shooter (level 6, -2/47 HPs)
             Began as a Demonspawn Hunter on July 23, 2023.
             Was an Initiate of Qazlal.
             Slain by an ogre
             ... wielding a +0 giant club
              (27 damage)
             ... on level 4 of the Dungeon.
             The game lasted 00:06:32 (2495 turns).

billz999 the Shooter (Demonspawn Hunter)            Turns: 2495, Time: 00:06:33

Health: -2/47      AC:  9    Str: 13    XL:     6   Next: 36%
Magic:  8/8        EV: 12    Int: 11    God:    Qazlal [......]
Gold:   31         SH:  4    Dex: 16    Spells: 5/5 levels left

rFire   . . .        w - +1 shortbow (freeze)
rCold   . . .        (shield currently unavailable)
rNeg    . . .        c - +0 leather armour
rPois   .            (helmet restricted)
rElec   .            (no cloak)
rCorr   .            l - +2 pair of gloves
SInv    .            (no boots)
Will    +....        (no amulet)
Stlth   +            f - ring of willpower
HPRegen 0.27/turn    (no ring)
MPRegen 0.11/turn

%: no passive effects
@: no status effects
A: antennae 1, icy blue scales 2, powered by death 1, condensation shield
a: Renounce Religion


You were on level 4 of the Dungeon.
You worshipped Qazlal.
Qazlal was noncommittal.
You visited 1 branch of the dungeon, and saw 4 of its levels.

You collected 155 gold pieces.
You spent 124 gold pieces at shops.

Inventory:

Hand Weapons
 a - a +0 shortbow
 w - a +1 shortbow of freezing (weapon)
Armour
 c - a +0 leather armour (worn)
 l - a +2 pair of gloves (worn)
 p - a +0 buckler
Jewellery
 f - a ring of willpower (left hand)
 i - a +5 ring of evasion
 n - an amulet of regeneration
 z - a ring of resist corrosion
Wands
 x - a wand of mindburst (12)
 y - a wand of paralysis (6)
Scrolls
 b - a scroll of immolation
 g - a scroll of teleportation
 m - 3 scrolls of amnesia
 o - a scroll of magic mapping {unknown}
 q - 2 scrolls of identify
 r - 2 scrolls of enchant armour {unknown}
 v - a scroll of silence {unknown}
Potions
 d - 2 potions of curing {unknown}
 e - a potion of flight {unknown}
 h - a potion of magic {unknown}
 j - a potion of berserk rage {unknown}
 k - a potion of lignification {unknown}
 s - 2 potions of mutation {unknown}
 t - a potion of brilliance {unknown}
 u - a potion of heal wounds


   Skills:
 + Level 3.1 Fighting
 * Level 5.8 Ranged Weapons
 - Level 0.2 Armour
 - Level 1.7 Dodging
 - Level 0.8 Stealth
 - Level 0.5 Shields
 * Level 3.9 Invocations


You had 5 spell levels left.
You didn't know any spells.
Your spell library was empty.

Dungeon Overview and Level Annotations

Branches:
Dungeon (4/15)
 Temple: D:4-7

Altars:
Hepliaklqana
Qazlal

Shops:
D:3 (

Annotations:
D:3 1 runed translucent door, Crazy Yiuf


Innate Abilities, Weirdness & Mutations

You have a pair of small antennae on your head.
You are mostly covered in icy blue scales. (AC +3)
You regenerate a little health from kills.
A meltable shield of frost defends you. (SH +4)


Message History

Anything else - Cancel.
You shout for attention!
You hear a shout!
You start waiting.
An ogre comes into view. It is wielding a +0 giant club.
You shoot an arrow. The arrow hits the ogre!
The arrow freezes the ogre.
The ogre is moderately wounded.
You shoot an arrow. The arrow barely misses the ogre.
You shoot an arrow. The arrow hits the ogre!
The arrow freezes the ogre.
The ogre is severely wounded.
You shoot an arrow. The arrow barely misses the ogre.
You block the ogre's attack. The ogre attacks as you move away!
The ogre hits you with a +0 giant club!!
Ouch! That really hurt!
You are too injured to fight recklessly!
You are too injured to fight recklessly!
Unknown command.
You are too injured to fight recklessly!
Unknown command.
Fire: w) +1 shortbow (freeze)
Press: ? - help, Shift-Dir - straight line, f/p - ogre
Aim: an ogre, wielding a +0 giant club (severely wounded, 77% to hit)
You shoot an arrow. The arrow barely misses the ogre.
The ogre closely misses you.
Fire: w) +1 shortbow (freeze)
Press: ? - help, Shift-Dir - straight line, f/p - ogre
Aim: an ogre, wielding a +0 giant club (severely wounded, 77% to hit)
You shoot an arrow. The arrow barely misses the ogre.
Aiming: Mindburst
Press: ? - help, Shift-Dir - straight line, f/p - ogre
Aim: an ogre, wielding a +0 giant club (severely wounded, chance to affect: 64%)
The ogre struggles to resist.
You block the ogre's attack.
Unknown command.
Aiming: Mindburst
Press: ? - help, Shift-Dir - straight line, f/p - ogre
Aim: an ogre, wielding a +0 giant club (severely wounded, chance to affect: 64%)
The ogre struggles to resist.
The ogre hits you with a +0 giant club!!
Ouch! That really hurt!
You die...

. ..## ###### ....
#....# #..####
###....#
#.)<.#####......####
####...............#
#....##......)...#
####O##.@........#
#..#O...........#
#.)........†..#..
###......†....# #
#...........#
##..........#
##..#..####.
##.........
##......#...


You could see an ogre.

Vanquished Creatures
  Pargi (D:3)
  An ogre (D:4)
  Jessica (D:3)
  An iguana (D:3)
  Robin (D:3)
  4 adders (D:2)
  2 worms (D:2)
  A dart slug (D:4)
  4 ball pythons
  2 bats
  6 endoplasms
  2 giant cockroaches
  18 goblins
  8 hobgoblins
  5 quokkas
  2 frilled lizards (D:2)
  5 kobolds
  6 rats
70 creatures vanquished.

Notes
Turn   | Place    | Note
-------+----------+-------------------------------------------
     0 | D:1      | billz999 the Demonspawn Hunter began the quest for the Orb.
     0 | D:1      | Reached XP level 1. HP: 16/16 MP: 1/1
   239 | D:1      | Reached skill level 4 in Ranged Weapons
   242 | D:1      | Gained mutation: You are partially covered in icy blue
                  | scales. (AC +2) [demonic ancestry]
   242 | D:1      | Reached XP level 2. HP: 22/22 MP: 2/2
   481 | D:2      | Gained mutation: A meltable shield of frost defends you.
                  | (SH +4) [demonic ancestry]
   481 | D:2      | Reached XP level 3. HP: 27/27 MP: 3/3
   918 | D:2      | Gained mutation: You have a pair of small antennae on your
                  | head. [demonic ancestry]
   918 | D:2      | Reached XP level 4. HP: 33/33 MP: 4/4
   991 | D:2      | Found a stormy altar of Qazlal.
  1056 | D:2      | Reached skill level 5 in Ranged Weapons
  1098 | D:2      | Became a worshipper of Qazlal Stormbringer
  1267 | D:3      | Found a hazy altar of Hepliaklqana.
  1295 | D:3      | Noticed Robin
  1316 | D:3      | Killed Robin
  1317 | D:3      | Reached skill level 1 in Invocations
  1333 | D:3      | Noticed Pargi
  1377 | D:3      | Noticed Jessica
  1382 | D:3      | Killed Jessica
  1443 | D:3      | Gained mutation: You regenerate a little health from kills.
                  | [demonic ancestry]
  1443 | D:3      | Reached XP level 5. HP: 39/39 MP: 6/6
  1585 | D:3      | Killed Pargi
  1836 | D:3      | Found Vampat's Weapon Shop.
  1845 | D:3      | Bought a +1 shortbow of freezing for 124 gold pieces
  1972 | D:3      | Gained mutation: You are mostly covered in icy blue scales.
                  | (AC +3) [demonic ancestry]
  1972 | D:3      | Reached XP level 6. HP: 46/46 MP: 8/8
  2125 | D:3      | Found a runed translucent door.
  2126 | D:3      | Noticed Crazy Yiuf
  2495 | D:4      | Slain by an ogre

Illustrated notes

Levels and vault maps discovered:
D:1:      shiori_shiawase, layout_rooms
D:2:      layout_loops_cross, basic_altar, kennysheep_generic_room_6
D:3:      layout_basic, mainiacjoe_overflow_paths, serial_shops, shop,
          nicolae_hexahallways, st_stairs_14, dreamdust_princess_bridge,
          uniq_jessica, uniq_pargi, uniq_robin, uniq_crazy_yiuf_cottage
D:4:      minmay_inner_zag, layout_rooms, minmay_overflow_temple_star_quad,
          minmay_temple_entry_wispy, kennysheep_flooded_box

Skill      XL: |  1  2  3  4  5  6 |
---------------+-------------------+-----
Ranged Weapons | 4 5 |  5.8
Invocations    | 1 3 |  3.9
Fighting       | 3 |  3.1
Armour         | |  0.2
Dodging        | |  1.7
Stealth        | |  0.8
Shields        | |  0.5

Action                     |  1- 3 |  4- 6 || total
---------------------------+-------+-------++-------
   Fire: Shortbow          |   104 |   120 ||   224
  Evoke: Wand              |       |     4 ||     4
    Use: Scroll            |     3 |     2 ||     5
         Potion            |       |     1 ||     1
 Armour: Leather armour    |    19 |    25 ||    44
  Dodge: Dodged            |    27 |    32 ||    59
  Block: Other             |     9 |    23 ||    32
